 Dungeon Crawl Stone Soup version 0.31-a0-1620-gcbf77bbcfc (webtiles) character file.

Game seed: 5612501116771310615

572 Laraso the Magician (level 7, 47/50 HPs)
             Began as a Grey Draconian Fire Elementalist on Jan 12, 2024.
             Quit the game on level 4 of the Dungeon.
             The game lasted 00:06:06 (3964 turns).

Laraso the Magician (DrFE)                          Turns: 3964, Time: 00:06:07

Health: 47/50      AC: 12    Str: 11    XL:     7   Next: 12%
Magic:  5/17       EV: 12    Int: 17    God:
Gold:   129        SH:  0    Dex: 11    Spells: 16/19 levels left

rFire   . . .        h - +0 dagger (venom)
rCold   . . .        m - orb {*Rage}
rNeg    . . .        (body armour unavailable)
rPois   .            (helmet restricted)
rElec   .            (no cloak)
rCorr   .            (no gloves)
SInv    .            k - +0 pair of boots
Will    .....        (no amulet)
Stlth   ++           (no ring)
HPRegen 0.28/turn    (no ring)
MPRegen 0.15/turn

%: random rage (20%)
@: no status effects
A: AC +11, amphibious, unfitting armour, cold-blooded
a: no special abilities


You were on level 4 of the Dungeon.
You visited 1 branch of the dungeon, and saw 4 of its levels.

You collected 181 gold pieces.
You spent 52 gold pieces at shops.

Inventory:

Hand Weapons
 h - a +0 dagger of venom (weapon)
Armour
 k - a +0 pair of boots (worn)
 m - an orb of wrath (worn)
Wands
 q - a wand of iceblast (2)
Scrolls
 c - a scroll of teleportation
 f - a scroll of noise {unknown}
 l - 2 scrolls of enchant armour
 n - a scroll of silence {unknown}
 o - a scroll of blinking {unknown}
 p - a scroll of fog {unknown}
Potions
 a - a potion of magic
 b - a potion of attraction {unknown}
 d - 4 potions of curing
 e - a potion of mutation {unknown}
 g - 2 potions of berserk rage
 i - a potion of degeneration {unknown}
 j - a potion of brilliance {unknown}


   Skills:
 - Level 1.7 Dodging
 - Level 1.7 Stealth
 * Level 6.8 Spellcasting
 - Level 1.0 Conjurations
 - Level 4.0 Fire Magic


You had 16 spell levels left.
You knew the following spells:

 Your Spells              Type           Power      Damage    Failure   Level
a - Foxfire               Conj/Fire      56%        2x1d6     4%          1
b - Scorch                Fire           38%        2d6       3%          2

Your spell library contained the following spells:

 Spells                   Type           Power      Damage    Failure   Level
 Inner Flame              Hex/Fire       12%        N/A       16%         3
 Volatile Blastmotes      Fire/Tloc      24%        2d12      16%         3
 Stone Arrow              Conj/Erth      14%        3d7       28%         3
 Frozen Ramparts          Ice            10%        1d2       34%         3
 Flame Wave               Conj/Fire      14%        2d6       38%         4
 Leda's Liquefaction      Alch/Erth      2%         N/A       75%         4
 Martyr's Knell           Necr/Summ      5%         N/A       75%         4
 Petrify                  Alch/Erth      5%         N/A       75%         4
 Summon Lightning Spire   Summ/Air       5%         N/A       75%         4
 Metabolic Englaciation   Hex/Ice        2%         N/A       97%         5
 Spellforged Servitor     Conj/Summ      3%         N/A       100%        7


Dungeon Overview and Level Annotations

Branches:
Dungeon (4/15)
 Temple: D:4-7

Altars:
Cheibriados
Dithmenos
Fedhas
Trog

Shops:
D:1 =   D:4 *(

Annotations:
D:2 Natasha


Innate Abilities, Weirdness & Mutations

Your dull iron-grey scales are very hard. (AC +11)
You are amphibious.
You cannot fit into any form of body armour.
You are cold-blooded and may be slowed by cold attacks.


Message History

You open the door.
There is an open door here.
You open the door.
There is an open door here.
You open the door.
You now have 129 gold pieces (gained 5).
A ribbon worm is nearby!
A ribbon worm is nearby!
A ribbon worm is nearby!
Flames lash the ribbon worm.
The ribbon worm is moderately wounded.
The ribbon worm's fire resistance burns away.
Flames lash the ribbon worm.
The ribbon worm is burned terribly!
The ribbon worm is almost dead.
The ribbon worm closely misses you.
Flames lash the ribbon worm.
The ribbon worm is burned terribly!
You kill the ribbon worm!
You can't see any susceptible monsters within range! (Use Z to cast anyway.)
q - a wand of iceblast (2)
A phantom comes into view.
Found an escape hatch in the ceiling.
A phantom is nearby!
Flames lash the phantom.
The phantom is lightly damaged.
The phantom's fire resistance burns away.
Flames lash the phantom.
The phantom is burned terribly!
The phantom is heavily damaged.
The phantom hits you but does no damage.
Flames lash the phantom.
The phantom is burned terribly!
The phantom is severely damaged.
The phantom hits you but does no damage.
Flames lash the phantom.
The phantom is burned terribly!
The phantom is almost destroyed.
The phantom hits you.
The phantom blinks!
You blink.
Flames lash the phantom.
The phantom is burned terribly!
You destroy the phantom!
You have reached level 7!
Your scales start taking on a dull iron-grey colour.
You learn Air Magic much slower.
You learn Earth Magic much quicker.
Are you sure you want to abandon this character and quit the game? (Confirm with "yes".)

.####...### .......
#...# # ....... .
#...# # .......
$...####(..# #
.......####
...l.).l..## #
......#...
.##.)####.# #
......... ###...
#.# #
.......§####.## #.#
# .......§...@.###
#.# #
....##.#####...#
....# # . #.# #...#
....# # .. .
#...#...# #.#####
... .###...# ..#
#...... <...
..#...# ..# #.#..##
##... #.#.### #.#
#.##)## #..#
#.#.#####.# #.##...
#.......#.###.####.


There were no monsters in sight!

Vanquished Creatures
  Sigmund (D:2)
  A phantom (D:4)
  A jelly (D:4)
  2 orc priests
  An iguana (D:4)
  2 orc wizards
  Natasha (D:2)
  6 adders
  3 ribbon worms
  4 orcs
  7 endoplasms
  3 giant cockroaches
  8 goblins
  9 hobgoblins
  3 jackals (D:1)
  4 quokkas
  7 ball pythons
  7 bats
  3 frilled lizards
  7 kobolds
  3 rats
83 creatures vanquished.

Vanquished Creatures (others)
  108 foxfires
108 creatures vanquished.

Grand Total: 191 creatures vanquished

Notes
Turn   | Place    | Note
-------+----------+-------------------------------------------
     0 | D:1      | Laraso the Draconian Fire Elementalist began the quest for
                  | the Orb.
     0 | D:1      | Reached XP level 1. HP: 14/14 MP: 3/3
   100 | D:1      | Found Red Nen's Jewellery Shop.
   123 | D:1      | Reached XP level 2. HP: 20/20 MP: 1/5
   397 | D:1      | Got the Elucidation of Gathered Trauma
   434 | D:1      | Reached skill level 3 in Spellcasting
   688 | D:1      | Reached XP level 3. HP: 26/26 MP: 4/7
  1095 | D:2      | Found a bloodstained altar of Trog.
  1336 | D:2      | Learned a level 2 spell: Scorch
  1409 | D:2      | Reached skill level 4 in Spellcasting
  1409 | D:2      | Reached XP level 4. HP: 33/33 MP: 2/10
  1512 | D:2      | Noticed Natasha
  1513 | D:2      | Noticed Sigmund
  1552 | D:2      | Killed Sigmund
  1553 | D:2      | Reached skill level 5 in Spellcasting
  1553 | D:2      | Reached XP level 5. HP: 38/38 MP: 0/12
  1595 | D:2      | Killed Natasha
  1684 | D:2      | Reached XP level 6. HP: 45/45 MP: 10/13
  2209 | D:2      | Noticed Natasha
  2760 | D:3      | Found a shadowy altar of Dithmenos.
  3151 | D:3      | Found a blossoming altar of Fedhas.
  3384 | D:4      | Reached skill level 6 in Spellcasting
  3640 | D:4      | Found Cadehim's Assorted Antiques.
  3649 | D:4      | Bought a scroll labelled WEUTWA YVAYMM for 26 gold pieces
  3649 | D:4      | Bought a scroll labelled ROOQIRH JUGEHUQ for 26 gold pieces
  3690 | D:4      | Found a snail-covered altar of Cheibriados.
  3786 | D:4      | Found Xeblahum's Weapon Shop.
  3964 | D:4      | Your scales start taking on a dull iron-grey colour.
  3964 | D:4      | Reached XP level 7. HP: 47/50 MP: 5/17
  3964 | D:4      | Quit the game

Illustrated notes

Levels and vault maps discovered:
D:1:      ebering_trefoil_twist, layout_rooms, serial_shops, shop_fountains,
          hex_large
D:2:      layout_basic, basic_altar, nicolae_wormholes, uniq_natasha,
          uniq_sigmund
D:3:      layout_loops_corners, mainiacjoe_overflow_alcove_2,
          amcnicky_altar_gilded, chequers_serial_rivers_small_a, chequers_garden
D:4:      layout_basic, cheibriados_altar_1, minmay_temple_entry_statues,
          serial_shops, nicolae_shop_hallway_stairs, shop, shop,
          nicolae_shop_tiny_statue_garden

Skill      XL: |  1  2  3  4  5  6 |
---------------+-------------------+-----
Spellcasting   | 3 4 5 6 |  6.8
Fire Magic     | 4 |  4.0
Dodging        | |  1.7
Stealth        | |  1.7
Conjurations   | |  1.0

Action                     |  1- 3 |  4- 6 |  7- 9 || total
---------------------------+-------+-------+-------++-------
  Melee: Unarmed           |     9 |       |       ||     9
         Dagger            |    17 |    16 |       ||    33
         Tailslap          |     3 |     2 |       ||     5
         Spear             |     9 |       |       ||     9
   Cast: Foxfire           |    62 |       |       ||    62
         Scorch            |     3 |    75 |       ||    78
    Use: Scroll            |     4 |     2 |       ||     6
   Stab: Sleeping          |     2 |       |       ||     2
 Armour: Skin              |    26 |    23 |       ||    49
  Dodge: Dodged            |    19 |    26 |       ||    45

Table legend: (Time is in decaauts)
 A = Elapsed time spent in this place.
 B = Non-inter-level travel time spent in this place.
 C = Inter-level travel time spent in this place.
 D = Time resting spent in this place.
 E = Time spent auto-exploring this place.
 F = Levels seen in this place.
 G = Mean time per level.
                   A        B        C        D        E       F      G
               +--------+--------+--------+--------+--------+-----+--------+
         Total |   3966 |   3904 |     62 |    726 |   2581 |   4 |  991.5 |
       Dungeon |   3966 |   3904 |     62 |    726 |   2581 |   4 |  991.5 |
               +--------+--------+--------+--------+--------+-----+--------+

Top non-repeatable levels by time:
     D:3: 1404 daAuts
     D:1: 1004 daAuts
     D:2: 952 daAuts
     D:4: 605 daAuts
